 Dungeon Crawl Stone Soup version 0.29.1-2-gbd0b4ee654 (webtiles) character file.

Game seed: 14019446859125624765

5081 whiskeysaurus the Fighter (level 10, -6/101 HPs)
             Began as a Minotaur Berserker on Oct 26, 2022.
             Was a Priest of Trog.
             Killed by an exploding killer bee (23 damage)
             ... ignited by their inner flame
             ... on level 9 of the Dungeon on Oct 27, 2022.
             The game lasted 00:25:53 (8079 turns).

whiskeysaurus the Fighter (Minotaur Berserker)      Turns: 8079, Time: 00:25:54

Health: -6/101     AC: 15    Str: 27    XL:     10   Next: 31%
Magic:  9/9        EV:  7    Int:  4    God:    Trog [***...]
Gold:   397        SH:  0    Dex:  9    Spells: 9/9 levels left

rFire   . . .      SeeInvis .   a - +1 hand axe
rCold   . . .      Faith    .   (no shield)
rNeg    + . .      Spirit   .   f - +0 plate armour
rPois   .          Reflect  .   (helmet restricted)
rElec   .          Harm     .   (no cloak)
rCorr   .          Rampage  .   (no gloves)
Will    .....                   (no boots)
Stlth   ..........              (no amulet)
HPRegen 0.26/turn               h - +4 ring of protection
MPRegen 0.11/turn               d - ring of positive energy

@: on berserk cooldown, slowed, very slow
A: horns 2, retaliatory headbutt
a: Renounce Religion, Berserk, Trog's Hand


You were on level 9 of the Dungeon.
You worshipped Trog.
Trog was most pleased with you.
You visited 1 branch of the dungeon, and saw 9 of its levels.

You collected 397 gold pieces.

Inventory:

Hand Weapons
 a - a +1 hand axe (weapon)
 I - a +2 flail of protection
Missiles
 q - 8 poisoned darts (quivered)
 H - 2 throwing nets
Armour
 f - a +0 plate armour (worn)
Magical Staves
 l - a staff of cold
Jewellery
 d - a ring of positive energy (right hand)
 h - a +4 ring of protection (left hand)
 F - a ring of fire
Wands
 b - a wand of mindburst (23)
 r - a wand of acid (4)
 y - a wand of flame (17)
 E - a wand of polymorph (10)
 J - a wand of digging (7)
Scrolls
 e - a scroll of noise
 g - a scroll of silence
 k - 5 scrolls of identify
 o - 3 scrolls of enchant weapon
 p - a scroll of amnesia
 u - a scroll of teleportation
 x - 2 scrolls of blinking
 D - a scroll of enchant armour {unknown}
 G - a scroll of torment {unknown}
 K - a scroll of poison {unknown}
 L - a scroll of magic mapping {unknown}
 M - a scroll of brand weapon {unknown}
Potions
 i - 7 potions of berserk rage {unknown}
 j - 2 potions of mutation {unknown}
 m - 5 potions of magic {unknown}
 n - a potion of invisibility {unknown}
 s - a potion of brilliance {unknown}
 t - a potion of degeneration {unknown}
 v - 4 potions of attraction {unknown}
 w - 2 potions of lignification {unknown}
 z - a potion of haste
 A - 2 potions of curing {unknown}
 B - a potion of cancellation {unknown}
 C - 3 potions of heal wounds {unknown}


   Skills:
 + Level 13.2 Fighting
 + Level 13.2 Axes
 - Level 2.6 Armour
 - Level 2.3 Dodging


You had 9 spell levels left.
You didn't know any spells.
Your spell library was empty.

Dungeon Overview and Level Annotations

Branches:
Dungeon (9/15)             Temple (0/1) D:5
   Lair: D:8-11         Orc: D:9-12

Altars:
Gozag
Sif Muna
Wu Jian
Xom

Annotations:
D:8 6 transporters, Maggie
D:9 Amaemon


Innate Abilities, Weirdness & Mutations

You have a pair of horns on your head.
You reflexively headbutt those who attack you in melee.


Message History

Found a dagger and 22 gold pieces.
The killer bee buzzes angrily.
The killer bee barely misses you.
The killer bee stings you but does no damage.
Amaemon the Diabolical Poisoner comes into view.
He is wielding a -2 demon whip of venom.
The killer bee barely misses you. The orc wizard casts a spell at you.
The magic dart hits you!
Amaemon casts a spell.
A gnoll bouda comes into view. It is wielding a +0 club.
Really read the scroll of immolation?
Uppercase [Y]es or [N]o only, please.
Really read the scroll of immolation?
As you read the scroll of immolation, it crumbles to dust.
The creatures around you are filled with an inner flame!
The killer bee stings you but does no damage.
The killer bee barely misses you. You furiously retaliate!
You headbutt the killer bee!
Flame seeps out of the killer bee.
The killer bee closely misses you. You furiously retaliate!
You headbutt the killer bee!
Flame seeps out of the killer bee.
The killer bee is engulfed in blazing flames.
Trog accepts your kill.
The killer bee explodes!
The fiery explosion engulfs the white ugly thing!!!
Flame seeps out of the white ugly thing.
The white ugly thing is heavily wounded.
The fiery explosion engulfs the killer bee!!
Trog accepts your kill. The fiery explosion engulfs you!
The fiery explosion engulfs the killer bee!!!
Trog accepts your kill.
The killer bee explodes!
The fiery explosion engulfs you!!
* * * LOW HITPOINT WARNING * * *
The killer bee explodes!
The fiery explosion engulfs the orc wizard!!
Trog accepts your kill.
Trog appreciates your killing of a magic user.
The fiery explosion engulfs you!!
You die...

... ..# #...#.##
...#..# #.#..###
# #......####..
#..........$
#..u§§.....
#.§@○§.....
###c§○§#>....
#...##§# )..
##..## .# .
##))4###.#..
#.###.)).....6yy
#...g.)#####.#..
#....##..# ..
...# #..##


You could see Amaemon (inner flame), a white ugly thing (inner flame), an orange
demon (inner flame), a centaur (inner flame) and a gnoll bouda (inner flame).

Vanquished Creatures
  2 two-headed ogres
  Pikel (D:7)
  A hornet (D:8)
  Eustachio (D:5)
  A steam dragon (D:8)
  Edmund (D:5)
  Duvessa (D:6)
  2 orc warriors
  A black bear (D:5)
  2 ice beasts
  2 sky beasts
  A phantom (D:6)
  3 ogres
  2 centaurs
  Blork the orc (D:5)
  A necrophage (D:5)
  A gnoll sergeant (D:8)
  3 bullfrogs (D:8)
  4 scorpions
  3 wights (D:8)
  Dowan (D:6)
  3 killer bees (D:9)
  3 jellies
  3 howler monkeys
  Crazy Yiuf (D:7)
  2 hounds
  2 orc priests (D:7)
  A gnoll bouda (D:7)
  4 iguanas
  2 orc wizards
  8 adders
  18 gnolls
  A river rat (D:6)
  8 orcs
  8 ball pythons
  5 endoplasms
  6 giant cockroaches
  7 goblins
  3 hobgoblins
  2 quokkas
  3 bats
  A frilled lizard (D:1)
  8 kobolds
134 creatures vanquished.

Notes
Turn   | Place    | Note
-------+----------+-------------------------------------------
     0 | D:1      | whiskeysaurus the Minotaur Berserker began the quest for
                  | the Orb.
     0 | D:1      | Reached XP level 1. HP: 19/19 MP: 0/0
   564 | D:1      | Reached XP level 2. HP: 27/27 MP: 1/1
  1059 | D:2      | Found a faded altar of an unknown god.
  1068 | D:2      | Reached XP level 3. HP: 34/34 MP: 2/2
  1163 | D:2      | Found an opulent altar of Gozag.
  1442 | D:3      | Noticed an ice beast
  1450 | D:3      | Killed an ice beast
  1451 | D:3      | Reached skill level 5 in Fighting
  1451 | D:3      | Reached skill level 5 in Axes
  1451 | D:3      | Reached XP level 4. HP: 42/42 MP: 3/3
  1451 | D:3      | Reached XP level 5. HP: 48/48 MP: 4/4
  1520 | D:3      | Reached ** piety under Trog
  1612 | D:3      | Found an ornate altar of the Wu Jian Council.
  3145 | D:4      | Noticed an ogre
  3151 | D:4      | Killed an ogre
  3152 | D:4      | Reached XP level 6. HP: 58/58 MP: 5/5
  3249 | D:5      | Entered Level 5 of the Dungeon
  3666 | D:5      | Reached XP level 7. HP: 46/66 MP: 6/6
  3788 | D:5      | Noticed Blork the orc
  3789 | D:5      | Found a staircase to the Ecumenical Temple.
  3798 | D:5      | Killed Blork the orc
  3948 | D:5      | Noticed Eustachio
  3964 | D:5      | Killed Eustachio
  4226 | D:5      | Reached XP level 8. HP: 65/75 MP: 7/7
  4486 | D:5      | Noticed Edmund
  4496 | D:5      | Killed Edmund
  5020 | D:6      | Reached skill level 10 in Fighting
  5020 | D:6      | Reached skill level 10 in Axes
  5352 | D:6      | Noticed Duvessa
  5383 | D:6      | Noticed Dowan
  5410 | D:6      | Killed Duvessa
  5415 | D:6      | Killed Dowan
  5555 | D:6      | Found a shimmering altar of Xom.
  5748 | D:7      | Reached XP level 9. HP: 71/86 MP: 8/8
  6181 | D:7      | Found a shimmering blue altar of Sif Muna.
  6192 | D:7      | Noticed Pikel
  6210 | D:7      | Killed Pikel
  6385 | D:7      | Found a runed translucent door.
  6386 | D:7      | Noticed Crazy Yiuf
  6391 | D:7      | Killed Crazy Yiuf
  6796 | D:8      | Found a transporter.
  6798 | D:8      | Found a transporter.
  6801 | D:8      | Found a transporter.
  6809 | D:8      | Found a transporter.
  7030 | D:8      | Noticed a two-headed ogre
  7040 | D:8      | Killed a two-headed ogre
  7259 | D:8      | Found a transporter.
  7262 | D:8      | Found a transporter.
  7262 | D:8      | Noticed Maggie
  7309 | D:8      | Reached XP level 10. HP: 88/99 MP: 9/9
  8043 | D:9      | Noticed a two-headed ogre
  8059 | D:9      | Killed a two-headed ogre
  8072 | D:9      | Noticed an orange demon
  8076 | D:9      | Noticed a white ugly thing
  8078 | D:9      | Noticed Amaemon
  8079 | D:9      | Reached *** piety under Trog
  8079 | D:9      | Killed by an exploding killer bee... ignited by their inner
                  | flame

Illustrated notes

Levels and vault maps discovered:
D:1:      wander_arrival_lonely_grave, layout_basic
D:2:      layout_basic, nicolae_ecumenical_snake_handling, basic_altar
D:3:      layout_basic, pdpol_wu_jian_five_deadly_venoms
D:4:      layout_gridville
D:5:      black_bear_nest_2, layout_basic, minmay_temple_entry_glassed_door,
          dreamdust_princess_bridge, uniq_edmund, uniq_blork_the_orc,
          uniq_eustachio
D:6:      layout_basic, xom_teletrap_fun, portal_sewer_entry_b, uniq_duvessa
D:7:      layout_loops_ring, mainiacjoe_overflow_small_starburst, uniq_pikel,
          uniq_crazy_yiuf_cottage
D:8:      layout_basic, serial_nicolae_subway, nicolae_sub_station_metal,
          nicolae_sub_station_crystal, nicolae_sub_station_stone, uniq_maggie
D:9:      layout_rooms, uniq_amaemon

Skill      XL: |  1  2  3  4  5  6  7  8  9 10 |
---------------+-------------------------------+-----
Axes           | 4 5 6 7 8 10 12 13 | 13.2
Fighting       | 4 5 6 7 8 10 12 13 | 13.2
Armour         | |  2.6
Dodging        | |  2.3

Action                   |  1- 3 |  4- 6 |  7- 9 | 10-12 || total
-------------------------+-------+-------+-------+-------++-------
Melee: Hand axe          |    58 |    94 |   258 |    33 ||   443
       Headbutt          |     8 |    13 |    52 |     8 ||    81
       Punch             |     1 |       |     5 |       ||     6
Throw: Dart              |       |       |     5 |       ||     5
Invok: Berserk           |     1 |     2 |     9 |     2 ||    14
  Use: Scroll            |       |       |     9 |     1 ||    10
Armor: Plate armour      |    32 |    56 |   121 |    18 ||   227
Dodge: Dodged            |    16 |    26 |    69 |    17 ||   128
